Predators vs Oilers

Created - 3 octobre 2015 at 19:03

Goals
1 2 3 T
Predators 1 2 3 6
Oilers 0 1 2 3
Shots
1 2 3 T
Predators 13 7 8 28
Oilers 14 13 15 42

1st period

1. Predators , Joe Thornton 1 (Alexander Ovechkin) at 9:13 (PP)

Penalties :
Ian White (Edm) for Goalie Interference (Minor) at 9:01, Danny Richmond (Nas) for Goalie Interference (Minor) at 16:09, Joe Thornton (Nas) for Interference (Minor) at 16:19

2nd period

2. Predators , Alexander Steen 1 (Kris Vernarsky) at 0:39
3. Oilers , Eric Nystrom 1 (Zach Bogosian) at 4:01
4. Predators , Joe Thornton 2 (Alexander Ovechkin) at 13:42 (PP)

Penalties :
Eric Nystrom (Edm) for Hooking (Minor) at 6:27, James Van Riemsdyk (Nas) for High sticking (Minor) at 9:16, Jonathan Toews (Edm) for High sticking (Minor) at 13:35

3rd period

5. Predators , Vitali Yachmenev 1 (Josef Vasicek, Alexander Ovechkin) at 0:53
6. Predators , Kris Vernarsky 1 (Alexander Steen) at 0:59
7. Oilers , Ilya Kovalchuk 1 (Paul Stastny) at 5:01 (PP)
8. Predators , Alexander Steen 2 (Alexander Edler, Danny Richmond) at 7:48
9. Oilers , Rob Scuderi 1 (Tomas Fleischmann, Sebastien Caron) at 8:37

Penalties :
John Moore (Nas) for Slashing (Minor) at 1:45, Danny Richmond (Nas) for Elbowing (Minor) at 4:51, Brad Boyes (Nas) for Hooking (Minor) at 12:07

Goalie Stats

Kari Lehtonen (Nas), 39 saves from 42 shots - (0,929), W, 1-0-0, 60:00 minutes
Cam Ward (Edm), 17 saves from 21 shots - (0,810), L, 0-1-0, 40:53 minutes
Sebastien Caron (Edm), 5 saves from 7 shots - (0,714), 19:07 minutes

Players Stats for Predators

Player Name              G  A  P  +/- PIM S  H  SB GA TA FO     MP     PP MP  PK MP  
------------------------------------------------------------------------------------
Alexander Edler          0  1  1   2  0   0  3  0  0  1  0/0    20:52   1:05   1:30 
Alexander Ovechkin       0  3  3  -1  0   5  0  0  1  0  2/2    17:33   1:00   0:48 
Alexander Steen          2  1  3   3  0   4  0  0  1  0  0/1    17:58   1:16   0:00 
Andy Miele               0  0  0   0  0   0  0  0  0  0  3/4    10:20   0:00   1:21 
Barret Jackman           0  0  0   1  0   0  2  0  0  1  0/0    15:23   1:13   3:12 
Brad Boyes               0  0  0   3  2   4  1  0  0  1  1/4    18:02   1:16   0:00 
Brendan Bell             0  0  0   1  0   0  1  1  0  0  0/0    11:06   0:00   0:00 
Danny Richmond           0  1  1   3  4   1  1  3  2  0  0/0    27:33   1:05   3:38 
James Van Riemsdyk       0  0  0   0  2   2  1  1  0  0  0/0    10:06   0:02   0:00 
Joe Thornton             2  0  2  -1  2   4  0  0  3  0  12/24  20:24   1:00   4:07 
John Moore               0  0  0  -2  2   1  1  0  0  1  0/0    21:21   0:00   3:49 
Josef Vasicek            0  1  1   0  0   2  2  0  0  0  6/10   11:04   0:00   1:47 
Kris Vernarsky           1  1  2   3  0   2  2  0  0  0  13/26  17:16   1:16   0:00 
Michael Grabner          0  0  0  -1  0   0  4  1  0  0  2/3    15:52   1:00   0:00 
Oleg Saprykin            0  0  0   0  0   0  1  0  0  0  1/1    13:17   0:02   5:18 
Ryan Mcdonagh            0  0  0  -1  0   2  0  2  0  0  0/0    23:51   1:13   4:29 
Vaclav Varada            0  0  0   0  0   0  0  2  0  0  0/0     7:19   0:02   0:00 
Vitali Yachmenev         1  0  1   0  0   1  1  1  0  0  0/1    10:32   0:00   1:15 

Players Stats for Oilers

Player Name              G  A  P  +/- PIM S  H  SB GA TA FO     MP     PP MP  PK MP  
------------------------------------------------------------------------------------
Adam Burish              0  0  0  -1  0   7  0  0  0  0  1/3    21:05   3:30   1:11 
Brett Clark              0  0  0   1  0   0  0  1  0  0  0/0    17:56   3:01   1:07 
Brian Sutherby           0  0  0   2  0   1  1  1  0  0  3/6     7:22   0:00   1:07 
Christian Ehrhoff        0  0  0  -1  0   3  2  0  0  2  0/0    22:38   5:15   1:07 
David Hale               0  0  0  -1  0   0  1  0  0  1  0/0    14:35   0:00   0:12 
Eric Nystrom             1  0  1   2  2   2  0  0  0  0  0/0     7:01   0:00   0:00 
Evgeny Dadonov           0  0  0  -1  0   2  0  1  0  0  1/1     9:29   0:00   0:00 
Ian White                0  0  0  -2  2   1  1  3  0  0  0/0    27:28   5:15   0:59 
Ilya Kovalchuk           1  0  1  -1  0   5  2  0  2  0  1/1    19:23   3:33   0:13 
Jonathan Toews           0  0  0  -2  2   8  0  0  0  0  12/28  21:57   4:41   0:00 
Patrick Kaleta           0  0  0  -1  0   1  1  0  0  0  0/0    10:32   0:08   0:54 
Patrick Kane             0  0  0  -2  0   4  1  0  1  0  0/0    22:01   4:43   0:00 
Paul Stastny             0  1  1  -1  0   4  2  2  0  0  16/29  19:10   3:33   0:00 
Peter Regin              0  0  0  -1  0   1  2  0  1  1  1/6    11:27   0:00   1:11 
Rob Scuderi              1  0  1  -2  0   1  2  4  0  2  0/0    21:40   0:00   1:11 
Tomas Fleischmann        0  1  1  -2  0   2  0  1  0  0  1/2    21:58   4:40   0:00 
Wayne Simmonds           0  0  0   2  0   0  1  0  0  0  0/0     6:15   0:00   0:00 
Zach Bogosian            0  1  1   1  0   0  0  0  0  1  0/0    15:42   3:01   0:00 

3 Stars

1 - Alexander Steen (Nas)
2 - Kris Vernarsky (Nas)
3 - Alexander Edler (Nas)

Power Play

Predators - 2 on 3 Attempt(s) - 66,67%
Oilers - 1 on 6 Attempt(s) - 16,67%

Penalty Kill

Predators - 5 on 6 Attempt(s) - 83,33% - Score 0 goal in Penalty Kill
Oilers - 1 on 3 Attempt(s) - 33,33% - Score 0 goal in Penalty Kill

Team Stat

Predators - Hits : 20 - Faceoff Wins : 40 - Blocked Shots : 11 - Penalty Minutes : 12
Oilers - Hits : 16 - Faceoff Wins : 36 - Blocked Shots : 13 - Penalty Minutes : 6

Official

Referees : Joannette Marc and Devorski Paul
Linesman : Derek Nansen and Jonny Murray

Game Notes

Sebastien Caron enters game at 0:53 of 3rd period
Danny Richmond is injured at 19:11 of 3rd period (Sports Hernia)

Finance

Level 1 -- Attendance: 5576 (92,93%) -- Ticket Income 462 808 $
Level 2 -- Attendance: 5000 (100,00%) -- Ticket Income 255 000 $
Level 3 -- Attendance: 2000 (100,00%) -- Ticket Income 62 000 $
Level 4 -- Attendance: 4000 (100,00%) -- Ticket Income 84 000 $
Luxury Box -- Attendance: 742 (74,20%) -- Ticket Income 127 624 $
Game was played at the Rexall Place'
Total Attendance: 17318 (96,21%)
Total Ticket Income: 991 432 $
Other Income: 148 715 $
Total Income: 1 140 147 $

Predators

5 vs 5 Forward 
   Center                   Left Wing                Right Wing               Time % Phy DF OF 
 1 Joe Thornton             Alexander Ovechkin       Michael Grabner          34     1   2  2  
 2 Kris Vernarsky           Alexander Steen          Brad Boyes               34     1   2  2  
 3 Josef Vasicek            James Van Riemsdyk       Vitali Yachmenev         19     1   2  2  
 4 Andy Miele               Oleg Saprykin            Vaclav Varada            13     1   2  2  

5 vs 5 Defense 
   Defense                  Defense                                           Time % Phy DF OF 
 1 Alexander Edler          Danny Richmond                                    40     1   2  2  
 2 Ryan Mcdonagh            John Moore                                        30     1   2  2  
 3 Brendan Bell             Barret Jackman                                    20     1   2  2  
 4 Ryan Mcdonagh            Danny Richmond                                    10     1   2  2  

PowerPlay Forward 
   Center                   Left Wing                Right Wing               Time % Phy DF OF 
 1 Joe Thornton             Alexander Ovechkin       Michael Grabner          60     1   1  3  
 2 Kris Vernarsky           Alexander Steen          Brad Boyes               40     1   2  2  

PowerPlay Defense
   Defense                  Defense                                           Time % Phy DF OF 
 1 Alexander Edler          Danny Richmond                                    60     1   2  2  
 2 Ryan Mcdonagh            Barret Jackman                                    40     1   2  2  

Penalty Kill 4 Players Forward 
   Center                   Wing                     Time % Phy DF OF 
 1 Joe Thornton             Oleg Saprykin            60     1   2  2  
 2 Josef Vasicek            Vitali Yachmenev         40     1   2  2  

Penalty Kill 4 Players Defense
   Defense                  Defense                  Time % Phy DF OF 
 1 John Moore               Danny Richmond           60     1   2  2  
 2 Ryan Mcdonagh            Barret Jackman           40     1   2  2  

Penalty Kill - 3 Players Forward 
   Forward                                           Time % Phy DF OF 
 1 Oleg Saprykin                                     60     1   2  2  
 2 Joe Thornton                                      40     1   2  2  

Penalty Kill - 3 Players Defense
   Defense                  Defense                  Time % Phy DF OF 
 1 John Moore               Danny Richmond           60     1   2  2  
 2 Ryan Mcdonagh            Barret Jackman           40     1   2  2  

4 vs 4 Forward 
   Center                   Wing                     Time % Phy DF OF 
 1 Joe Thornton             Alexander Ovechkin       60     1   2  2  
 2 Alexander Steen          Brad Boyes               40     1   2  2  

4 vs 4 Defense
   Defense                  Defense                  Time % Phy DF OF 
 1 Alexander Edler          Danny Richmond           60     1   2  2  
 2 Barret Jackman           Ryan Mcdonagh            40     1   2  2  

Last Minutes Offensive
   Center                   Left Wing                Right Wing               Defense                  Defense                  
   Joe Thornton             Alexander Ovechkin       Brad Boyes               Alexander Edler          Danny Richmond           

Last Minutes Defensive
   Center                   Left Wing                Right Wing               Defense                  Defense                  
   Josef Vasicek            Oleg Saprykin            Vitali Yachmenev         Ryan Mcdonagh            Danny Richmond           

Goaltenders
Starting : Kari Lehtonen            
Backup : Steve Mason              

Extra Forwards
Normal : Josef Vasicek, Oleg Saprykin, Andy Miele - PP : Alexander Steen, Oleg Saprykin - PK : Andy Miele
Extra Defensemen
Normal : Barret Jackman, John Moore, Ryan Mcdonagh - PP : Barret Jackman - PK : John Moore, Ryan Mcdonagh
Penalty Shots
Alexander Ovechkin, Joe Thornton, Michael Grabner, Alexander Steen, Andy Miele

Oilers

5 vs 5 Forward 
   Center                   Left Wing                Right Wing               Time % Phy DF OF 
 1 Jonathan Toews           Tomas Fleischmann        Patrick Kane             40     0   2  3  
 2 Paul Stastny             Ilya Kovalchuk           Adam Burish              35     0   2  3  
 3 Peter Regin              Evgeny Dadonov           Patrick Kaleta           16     1   2  2  
 4 Brian Sutherby           Eric Nystrom             Wayne Simmonds           9      1   2  2  

5 vs 5 Defense 
   Defense                  Defense                                           Time % Phy DF OF 
 1 Ian White                Rob Scuderi                                       40     1   2  2  
 2 Christian Ehrhoff        David Hale                                        29     1   2  2  
 3 Zach Bogosian            Brett Clark                                       26     1   2  2  
 4 Christian Ehrhoff        Brett Clark                                       5      1   2  2  

PowerPlay Forward 
   Center                   Left Wing                Right Wing               Time % Phy DF OF 
 1 Jonathan Toews           Tomas Fleischmann        Patrick Kane             50     1   1  3  
 2 Paul Stastny             Ilya Kovalchuk           Adam Burish              50     1   1  3  

PowerPlay Defense
   Defense                  Defense                                           Time % Phy DF OF 
 1 Ian White                Christian Ehrhoff                                 55     1   2  2  
 2 Zach Bogosian            Brett Clark                                       45     1   2  2  

Penalty Kill 4 Players Forward 
   Center                   Wing                     Time % Phy DF OF 
 1 Peter Regin              Adam Burish              50     1   3  1  
 2 Brian Sutherby           Eric Nystrom             50     1   3  1  

Penalty Kill 4 Players Defense
   Defense                  Defense                  Time % Phy DF OF 
 1 Ian White                Rob Scuderi              50     1   3  1  
 2 Christian Ehrhoff        Brett Clark              50     1   3  1  

Penalty Kill - 3 Players Forward 
   Forward                                           Time % Phy DF OF 
 1 Ilya Kovalchuk                                    50     1   4  0  
 2 Jonathan Toews                                    50     1   4  0  

Penalty Kill - 3 Players Defense
   Defense                  Defense                  Time % Phy DF OF 
 1 Ian White                Rob Scuderi              50     1   4  0  
 2 Christian Ehrhoff        Brett Clark              50     1   4  0  

4 vs 4 Forward 
   Center                   Wing                     Time % Phy DF OF 
 1 Jonathan Toews           Patrick Kane             50     1   2  2  
 2 Paul Stastny             Ilya Kovalchuk           50     1   2  2  

4 vs 4 Defense
   Defense                  Defense                  Time % Phy DF OF 
 1 Ian White                Rob Scuderi              50     1   2  2  
 2 Christian Ehrhoff        Zach Bogosian            50     1   2  2  

Last Minutes Offensive
   Center                   Left Wing                Right Wing               Defense                  Defense                  
   Jonathan Toews           Ilya Kovalchuk           Patrick Kane             Ian White                Christian Ehrhoff        

Last Minutes Defensive
   Center                   Left Wing                Right Wing               Defense                  Defense                  
   Jonathan Toews           Ilya Kovalchuk           Patrick Kane             Ian White                Rob Scuderi              

Goaltenders
Starting : Cam Ward                 
Backup : Sebastien Caron          

Extra Forwards
Normal : Ilya Kovalchuk, Patrick Kaleta, Patrick Kane - PP : Patrick Kaleta, Wayne Simmonds - PK : Patrick Kaleta
Extra Defensemen
Normal : Rob Scuderi, David Hale, Ian White - PP : Rob Scuderi - PK : David Hale, Zach Bogosian
Penalty Shots
Ilya Kovalchuk, Patrick Kane, Jonathan Toews, Paul Stastny, Tomas Fleischmann

% Time on Ice - Predators

Lines # - Real PCT - Wanted PCT - Time Play
Normal Forward
1 - 34% - 34% - 16:52
2 - 33% - 34% - 16:18
3 - 19% - 19% - 9:17
4 - 14% - 13% - 6:59
Normal Defense
1 - 42% - 40% - 20:34
2 - 30% - 30% - 15:02
3 - 22% - 20% - 11:06
4 - 6% - 10% - 2:44
PP Forward
1 - 43% - 60% - 1:00
2 - 57% - 40% - 1:18
PP Defense
1 - 47% - 60% - 1:05
2 - 53% - 40% - 1:13
PK Forward
1 - 79% - 60% - 5:06
2 - 21% - 40% - 1:21
PK Defense
1 - 74% - 60% - 4:45
2 - 26% - 40% - 1:42
PK3 Forward
1 - 59% - 60% - 1:04
2 - 41% - 40% - 0:45
PK3 Defense
1 - 100% - 60% - 1:49
2 - 0% - 40% - 0:00
44 Forward
1 - 0% - 60%
2 - 0% - 40%
44 Defense
1 - 0% - 60%
2 - 0% - 40%
Last Minute Offensive  - 0:00
Last Minute Defensive  - 0:00
Total
Forward - 60:00
Defense - 60:00

% Time on Ice - Oilers

Lines # - Real PCT - Wanted PCT - Time Play
Normal Forward
1 - 37% - 40% - 18:05
2 - 32% - 35% - 15:37
3 - 19% - 16% - 9:29
4 - 13% - 9% - 6:15
Normal Defense
1 - 43% - 40% - 21:15
2 - 30% - 29% - 14:43
3 - 25% - 26% - 12:21
4 - 2% - 5% - 1:07
PP Forward
1 - 57% - 50% - 4:43
2 - 43% - 50% - 3:33
PP Defense
1 - 64% - 55% - 5:15
2 - 36% - 45% - 3:01
PK Forward
1 - 51% - 50% - 1:11
2 - 49% - 50% - 1:07
PK Defense
1 - 51% - 50% - 1:11
2 - 49% - 50% - 1:07
PK3 Forward
1 - 0% - 50%
2 - 0% - 50%
PK3 Defense
1 - 0% - 50%
2 - 0% - 50%
44 Forward
1 - 0% - 50%
2 - 0% - 50%
44 Defense
1 - 0% - 50%
2 - 0% - 50%
Last Minute Offensive  - 0:00
Last Minute Defensive  - 0:00
Total
Forward - 60:00
Defense - 60:00

Play by Play

1st period


0:01 of 1st period - Joe Thornton wins face-off versus Jonathan Toews in neutral zone.
0:05 of 1st period - Icing by Ian White.
0:06 of 1st period - Alexander Ovechkin wins face-off versus Jonathan Toews in Oilers zone.
0:07 of 1st period - Slapshot by Joe Thornton.
0:07 of 1st period - Shot Blocked by Rob Scuderi.
0:39 of 1st period - Wrist shot by Paul Stastny.
0:39 of 1st period - Shot Misses the Net.
0:57 of 1st period - Wrist shot by Josef Vasicek.
0:57 of 1st period - Stopped by Cam Ward without a rebound.
0:58 of 1st period - Evgeny Dadonov wins face-off versus Andy Miele in Oilers zone.
1:07 of 1st period - Snap shot by Andy Miele.
1:07 of 1st period - Shot Misses the Net.
1:43 of 1st period - Evgeny Dadonov is hit by Brendan Bell and loses puck.
2:06 of 1st period - Wrist shot by Evgeny Dadonov.
2:06 of 1st period - Stopped by Kari Lehtonen with a rebound.
2:08 of 1st period - Slapshot by Zach Bogosian.
2:08 of 1st period - Shot Blocked by Brendan Bell.
2:13 of 1st period - Icing by Brendan Bell.
2:14 of 1st period - Jonathan Toews wins face-off versus Alexander Steen in Predators zone.
2:39 of 1st period - Snap shot by Brad Boyes.
2:39 of 1st period - Stopped by Cam Ward with a rebound.
3:03 of 1st period - Wrist shot by Jonathan Toews.
3:03 of 1st period - Stopped by Kari Lehtonen without a rebound.
3:04 of 1st period - Paul Stastny wins face-off versus Joe Thornton in Predators zone.
3:49 of 1st period - Ian White is hit by Alexander Edler and loses puck.
4:18 of 1st period - Patrick Kane is hit by Michael Grabner and loses puck.
4:43 of 1st period - Wrist shot by Josef Vasicek.
4:43 of 1st period - Deflect By James Van Riemsdyk.
4:43 of 1st period - Stopped by Cam Ward with a rebound.
4:45 of 1st period - Slapshot by Ryan Mcdonagh.
4:45 of 1st period - Shot Blocked by Tomas Fleischmann.
4:47 of 1st period - Slapshot by Ryan Mcdonagh.
4:47 of 1st period - Deflect By James Van Riemsdyk.
4:47 of 1st period - Stopped by Cam Ward with a rebound.
5:03 of 1st period - Snap shot by Jonathan Toews.
5:03 of 1st period - Shot Misses the Net.
5:19 of 1st period - Snap shot by Ilya Kovalchuk.
5:19 of 1st period - Shot Misses the Net.
5:31 of 1st period - David Hale is hit by Alexander Edler and loses puck.
5:52 of 1st period - Snap shot by Eric Nystrom.
5:52 of 1st period - Stopped by Kari Lehtonen without a rebound.
5:53 of 1st period - Andy Miele wins face-off versus Brian Sutherby in Predators zone.
6:00 of 1st period - Wrist shot by Alexander Edler.
6:00 of 1st period - Shot Misses the Net.
6:12 of 1st period - Snap shot by Adam Burish.
6:12 of 1st period - Stopped by Kari Lehtonen without a rebound.
6:13 of 1st period - Joe Thornton wins face-off versus Paul Stastny in Predators zone.
6:34 of 1st period - Snap shot by Alexander Ovechkin.
6:34 of 1st period - Stopped by Cam Ward with a rebound.
6:36 of 1st period - Wrist shot by Alexander Ovechkin.
6:36 of 1st period - Shot Misses the Net.
6:38 of 1st period - Snap shot by Joe Thornton.
6:38 of 1st period - Deflect By Alexander Ovechkin.
6:38 of 1st period - Stopped by Cam Ward with a rebound.
6:40 of 1st period - Wrist shot by Alexander Ovechkin.
6:40 of 1st period - Stopped by Cam Ward without a rebound.
6:41 of 1st period - Brian Sutherby wins face-off versus Josef Vasicek in Oilers zone.
7:10 of 1st period - Slapshot by Brad Boyes.
7:10 of 1st period - Stopped by Cam Ward with a rebound.
7:32 of 1st period - Snap shot by Patrick Kaleta.
7:32 of 1st period - Stopped by Kari Lehtonen with a rebound.
7:34 of 1st period - Snap shot by Evgeny Dadonov.
7:34 of 1st period - Shot Misses the Net.
8:30 of 1st period - Snap shot by Brad Boyes.
8:30 of 1st period - Stopped by Cam Ward with a rebound.
8:32 of 1st period - Wrist shot by Kris Vernarsky.
8:32 of 1st period - Stopped by Cam Ward without a rebound.
8:33 of 1st period - Jonathan Toews wins face-off versus Joe Thornton in Oilers zone.
8:42 of 1st period - Snap shot by Patrick Kane.
8:42 of 1st period - Deflect By Jonathan Toews.
8:42 of 1st period - Stopped by Kari Lehtonen with a rebound.
9:01 of 1st period - Minor Penalty to Ian White for Goalie Interference.
9:02 of 1st period - Joe Thornton wins face-off versus Peter Regin in Oilers zone.
9:13 of 1st period - Wrist shot by Joe Thornton.
9:13 of 1st period - Goal by Joe Thornton - Predators : 1 - Oilers : 0.
9:14 of 1st period - Paul Stastny wins face-off versus Joe Thornton in neutral zone.
9:21 of 1st period - Wrist shot by Paul Stastny.
9:21 of 1st period - Shot Blocked by Ryan Mcdonagh.
9:29 of 1st period - Snap shot by Adam Burish.
9:29 of 1st period - Shot Misses the Net.
11:09 of 1st period - Ilya Kovalchuk is hit by James Van Riemsdyk and loses puck.
11:57 of 1st period - Brett Clark is hit by Michael Grabner.
12:11 of 1st period - Snap shot by Patrick Kane.
12:11 of 1st period - Stopped by Kari Lehtonen without a rebound.
12:12 of 1st period - Josef Vasicek wins face-off versus Jonathan Toews in Predators zone.
13:31 of 1st period - Wrist shot by Joe Thornton.
13:31 of 1st period - Stopped by Cam Ward without a rebound.
13:32 of 1st period - Paul Stastny wins face-off versus Brad Boyes in Oilers zone.
13:45 of 1st period - Snap shot by Ilya Kovalchuk.
13:45 of 1st period - Stopped by Kari Lehtonen without a rebound.
13:46 of 1st period - Ilya Kovalchuk wins face-off versus Brad Boyes in Predators zone.
13:51 of 1st period - Snap shot by Adam Burish.
13:51 of 1st period - Shot Misses the Net.
13:53 of 1st period - Snap shot by Paul Stastny.
13:53 of 1st period - Stopped by Kari Lehtonen without a rebound.
13:54 of 1st period - Paul Stastny wins face-off versus Kris Vernarsky in Predators zone.
14:19 of 1st period - Wrist shot by Josef Vasicek.
14:19 of 1st period - Stopped by Cam Ward without a rebound.
14:20 of 1st period - Josef Vasicek wins face-off versus Peter Regin in Oilers zone.
15:09 of 1st period - Slapshot by Evgeny Dadonov.
15:09 of 1st period - Stopped by Kari Lehtonen without a rebound.
15:10 of 1st period - Michael Grabner wins face-off versus Paul Stastny in Predators zone.
15:17 of 1st period - Snap shot by Paul Stastny.
15:17 of 1st period - Stopped by Kari Lehtonen without a rebound.
15:18 of 1st period - Joe Thornton wins face-off versus Paul Stastny in Predators zone.
15:45 of 1st period - Backhand shot by Jonathan Toews.
15:45 of 1st period - Deflect By Patrick Kane.
15:45 of 1st period - Shot Misses the Net.
15:45 of 1st period - Puck is out of play.
15:46 of 1st period - Tomas Fleischmann wins face-off versus Kris Vernarsky in Predators zone.
15:56 of 1st period - Wrist shot by Patrick Kane.
15:56 of 1st period - Shot Blocked by Ryan Mcdonagh.
15:58 of 1st period - Slapshot by Patrick Kane.
15:58 of 1st period - Stopped by Kari Lehtonen without a rebound.
15:59 of 1st period - Paul Stastny wins face-off versus Michael Grabner in Predators zone.
16:09 of 1st period - Minor Penalty to Danny Richmond for Goalie Interference.
16:10 of 1st period - Jonathan Toews wins face-off versus Joe Thornton in Predators zone.
16:19 of 1st period - Minor Penalty to Joe Thornton for Interference.
16:20 of 1st period - Oleg Saprykin wins face-off versus Paul Stastny in Predators zone.
17:00 of 1st period - Snap shot by Patrick Kane.
17:00 of 1st period - Shot Misses the Net.
17:07 of 1st period - Icing by Zach Bogosian.
17:08 of 1st period - Andy Miele wins face-off versus Jonathan Toews in Oilers zone.
17:27 of 1st period - Barret Jackman is hit by Ilya Kovalchuk and loses puck.
18:09 of 1st period - Penalty to Danny Richmond is over, Danny Richmond is back on ice.
18:19 of 1st period - Penalty to Joe Thornton is over, Joe Thornton is back on ice.
18:55 of 1st period - Icing by Brett Clark.
18:56 of 1st period - Peter Regin wins face-off versus Joe Thornton in Oilers zone.
19:22 of 1st period - Backhand shot by Adam Burish.
19:22 of 1st period - Stopped by Kari Lehtonen with a rebound.
19:24 of 1st period - Snap shot by Adam Burish.
19:24 of 1st period - Shot Hit the Post.
19:26 of 1st period - Snap shot by Adam Burish.
19:26 of 1st period - Stopped by Kari Lehtonen without a rebound.
19:27 of 1st period - Adam Burish wins face-off versus Kris Vernarsky in Predators zone.
Goals for this period are 1 for Predators vs 0 for Oilers.
Shots for this period are 13 for Predators vs 14 for Oilers.

2nd period


0:01 of 2nd period - Joe Thornton wins face-off versus Jonathan Toews in neutral zone.
0:04 of 2nd period - Slapshot by Ryan Mcdonagh.
0:04 of 2nd period - Stopped by Cam Ward with a rebound.
0:26 of 2nd period - Joe Thornton is hit by Wayne Simmonds and loses puck.
0:37 of 2nd period - Wrist shot by Joe Thornton.
0:37 of 2nd period - Stopped by Cam Ward without a rebound.
0:38 of 2nd period - Kris Vernarsky wins face-off versus Jonathan Toews in Oilers zone.
0:39 of 2nd period - Backhand shot by Alexander Steen.
0:39 of 2nd period - Goal by Alexander Steen - Predators : 2 - Oilers : 0.
0:40 of 2nd period - Brad Boyes wins face-off versus Jonathan Toews in neutral zone.
1:26 of 2nd period - Snap shot by Patrick Kane.
1:26 of 2nd period - Shot Misses the Net.
1:28 of 2nd period - Snap shot by Christian Ehrhoff.
1:28 of 2nd period - Shot Blocked by Vaclav Varada.
1:30 of 2nd period - Wrist shot by Jonathan Toews.
1:30 of 2nd period - Shot Misses the Net.
1:32 of 2nd period - Snap shot by Tomas Fleischmann.
1:32 of 2nd period - Shot Misses the Net.
1:34 of 2nd period - Wrist shot by Jonathan Toews.
1:34 of 2nd period - Stopped by Kari Lehtonen with a rebound.
2:29 of 2nd period - Snap shot by Jonathan Toews.
2:29 of 2nd period - Stopped by Kari Lehtonen with a rebound.
2:31 of 2nd period - Slapshot by Christian Ehrhoff.
2:31 of 2nd period - Stopped by Kari Lehtonen with a rebound.
2:33 of 2nd period - Slapshot by Christian Ehrhoff.
2:33 of 2nd period - Stopped by Kari Lehtonen without a rebound.
2:34 of 2nd period - Paul Stastny wins face-off versus Kris Vernarsky in Predators zone.
2:49 of 2nd period - Slapshot by Paul Stastny.
2:49 of 2nd period - Shot Blocked by Danny Richmond.
3:43 of 2nd period - Wrist shot by Adam Burish.
3:43 of 2nd period - Shot Misses the Net.
4:01 of 2nd period - Snap shot by Eric Nystrom.
4:01 of 2nd period - Goal by Eric Nystrom - Predators : 2 - Oilers : 1.
4:02 of 2nd period - Kris Vernarsky wins face-off versus Paul Stastny in neutral zone.
4:05 of 2nd period - Slapshot by Ryan Mcdonagh.
4:05 of 2nd period - Shot Misses the Net.
4:07 of 2nd period - Snap shot by Brad Boyes.
4:07 of 2nd period - Shot Blocked by Rob Scuderi.
4:09 of 2nd period - Slapshot by John Moore.
4:09 of 2nd period - Deflect By Kris Vernarsky.
4:09 of 2nd period - Shot Blocked by Rob Scuderi.
4:09 of 2nd period - Puck is out of play.
4:10 of 2nd period - Kris Vernarsky wins face-off versus Paul Stastny in Oilers zone.
4:15 of 2nd period - Snap shot by Alexander Steen.
4:15 of 2nd period - Stopped by Cam Ward with a rebound.
4:17 of 2nd period - Slapshot by Brad Boyes.
4:17 of 2nd period - Stopped by Cam Ward with a rebound.
4:19 of 2nd period - Slapshot by Kris Vernarsky.
4:19 of 2nd period - Shot Blocked by Paul Stastny.
4:21 of 2nd period - Wrist shot by Alexander Steen.
4:21 of 2nd period - Deflect By Brad Boyes.
4:21 of 2nd period - Shot Blocked by Paul Stastny.
4:21 of 2nd period - Puck is out of play.
4:22 of 2nd period - Paul Stastny wins face-off versus Joe Thornton in Oilers zone.
4:30 of 2nd period - Icing by Ilya Kovalchuk.
4:31 of 2nd period - Joe Thornton wins face-off versus Paul Stastny in Oilers zone.
5:07 of 2nd period - Wrist shot by Joe Thornton.
5:07 of 2nd period - Shot Misses the Net.
5:30 of 2nd period - Icing by Alexander Edler.
5:31 of 2nd period - Alexander Ovechkin wins face-off versus Jonathan Toews in Predators zone.
6:05 of 2nd period - Wrist shot by Jonathan Toews.
6:05 of 2nd period - Shot Blocked by Michael Grabner.
6:22 of 2nd period - Off-side.
6:23 of 2nd period - Kris Vernarsky wins face-off versus Brian Sutherby in neutral zone.
6:27 of 2nd period - Minor Penalty to Eric Nystrom for Hooking.
6:28 of 2nd period - Brian Sutherby wins face-off versus Kris Vernarsky in Oilers zone.
7:08 of 2nd period - Wrist shot by Kris Vernarsky.
7:08 of 2nd period - Deflect By Brett Clark.
7:08 of 2nd period - Shot Blocked by Brett Clark.
7:08 of 2nd period - Puck is out of play.
7:09 of 2nd period - Michael Grabner wins face-off versus Brian Sutherby in Oilers zone.
7:22 of 2nd period - Brian Sutherby is hit by Michael Grabner and loses puck.
8:01 of 2nd period - Wrist shot by Adam Burish.
8:01 of 2nd period - Stopped by Kari Lehtonen with a rebound.
8:13 of 2nd period - Brad Boyes is hit by Christian Ehrhoff and loses puck.
8:27 of 2nd period - Penalty to Eric Nystrom is over, Eric Nystrom is back on ice.
8:30 of 2nd period - Ian White is hit by Barret Jackman and loses puck.
8:56 of 2nd period - Christian Ehrhoff is hit by Vitali Yachmenev and loses puck.
9:05 of 2nd period - Wrist shot by Adam Burish.
9:05 of 2nd period - Shot Misses the Net.
9:07 of 2nd period - Wrist shot by Adam Burish.
9:07 of 2nd period - Stopped by Kari Lehtonen with a rebound.
9:09 of 2nd period - Snap shot by Peter Regin.
9:09 of 2nd period - Shot Blocked by Vaclav Varada.
9:11 of 2nd period - Snap shot by Peter Regin.
9:11 of 2nd period - Shot Misses the Net.
9:13 of 2nd period - Slapshot by Adam Burish.
9:13 of 2nd period - Stopped by Kari Lehtonen without a rebound.
9:14 of 2nd period - Josef Vasicek wins face-off versus Jonathan Toews in Predators zone.
9:16 of 2nd period - Minor Penalty to James Van Riemsdyk for High sticking.
9:17 of 2nd period - Jonathan Toews wins face-off versus Joe Thornton in Predators zone.
9:49 of 2nd period - Icing by Ian White.
9:50 of 2nd period - Joe Thornton wins face-off versus Paul Stastny in Oilers zone.
9:59 of 2nd period - Slapshot by Ian White.
9:59 of 2nd period - Stopped by Kari Lehtonen with a rebound.
10:01 of 2nd period - Wrist shot by Jonathan Toews.
10:01 of 2nd period - Deflect By Patrick Kane.
10:01 of 2nd period - Stopped by Kari Lehtonen with a rebound.
10:03 of 2nd period - Slapshot by Tomas Fleischmann.
10:03 of 2nd period - Stopped by Kari Lehtonen without a rebound.
10:04 of 2nd period - Jonathan Toews wins face-off versus Joe Thornton in Predators zone.
10:29 of 2nd period - Snap shot by Jonathan Toews.
10:29 of 2nd period - Shot Misses the Net.
10:31 of 2nd period - Slapshot by Patrick Kane.
10:31 of 2nd period - Deflect By Tomas Fleischmann.
10:31 of 2nd period - Shot Misses the Net.
10:31 of 2nd period - Puck is out of play.
10:32 of 2nd period - Joe Thornton wins face-off versus Paul Stastny in Predators zone.
11:01 of 2nd period - Slapshot by Ryan Mcdonagh.
11:01 of 2nd period - Shot Blocked by Ian White.
11:16 of 2nd period - Penalty to James Van Riemsdyk is over, James Van Riemsdyk is back on ice.
11:28 of 2nd period - Snap shot by Alexander Ovechkin.
11:28 of 2nd period - Stopped by Cam Ward with a rebound.
11:34 of 2nd period - James Van Riemsdyk is hit by Patrick Kaleta and loses puck.
11:56 of 2nd period - Brad Boyes is hit by Brian Sutherby and loses puck.
12:15 of 2nd period - David Hale is hit by Josef Vasicek and loses puck.
12:32 of 2nd period - Patrick Kaleta is hit by Oleg Saprykin and loses puck.
12:49 of 2nd period - Slapshot by Alexander Steen.
12:49 of 2nd period - Shot Misses the Net.
13:06 of 2nd period - Icing by Alexander Ovechkin.
13:07 of 2nd period - Paul Stastny wins face-off versus Joe Thornton in Predators zone.
13:35 of 2nd period - Minor Penalty to Jonathan Toews for High sticking.
13:36 of 2nd period - Joe Thornton wins face-off versus Peter Regin in Oilers zone.
13:42 of 2nd period - Wrist shot by Joe Thornton.
13:42 of 2nd period - Goal by Joe Thornton - Predators : 3 - Oilers : 1.
13:43 of 2nd period - Kris Vernarsky wins face-off versus Paul Stastny in neutral zone.
13:47 of 2nd period - Icing by Rob Scuderi.
13:48 of 2nd period - Paul Stastny wins face-off versus Brad Boyes in Oilers zone.
14:27 of 2nd period - Snap shot by Patrick Kane.
14:27 of 2nd period - Shot Misses the Net.
16:18 of 2nd period - Snap shot by Peter Regin.
16:18 of 2nd period - Stopped by Kari Lehtonen with a rebound.
16:26 of 2nd period - Christian Ehrhoff is hit by John Moore and loses puck.
17:26 of 2nd period - Icing by Evgeny Dadonov.
17:27 of 2nd period - Kris Vernarsky wins face-off versus Peter Regin in Oilers zone.
17:36 of 2nd period - Alexander Steen is hit by Peter Regin and loses puck.
17:43 of 2nd period - Rob Scuderi is hit by Brad Boyes and loses puck.
18:04 of 2nd period - Wrist shot by Paul Stastny.
18:04 of 2nd period - Shot Misses the Net.
18:12 of 2nd period - James Van Riemsdyk is hit by Paul Stastny and loses puck.
18:34 of 2nd period - Off-side.
18:35 of 2nd period - Kris Vernarsky wins face-off versus Jonathan Toews in neutral zone.
18:45 of 2nd period - Snap shot by Jonathan Toews.
18:45 of 2nd period - Stopped by Kari Lehtonen without a rebound.
18:46 of 2nd period - Jonathan Toews wins face-off versus Kris Vernarsky in Predators zone.
18:55 of 2nd period - Snap shot by Patrick Kane.
18:55 of 2nd period - Shot Misses the Net.
19:06 of 2nd period - Zach Bogosian is hit by Kris Vernarsky and loses puck.
19:17 of 2nd period - Jonathan Toews is hit by Danny Richmond.
19:29 of 2nd period - Slapshot by Alexander Edler.
19:29 of 2nd period - Shot Misses the Net.
Goals for this period are 2 for Predators vs 1 for Oilers.
Shots for this period are 7 for Predators vs 13 for Oilers.

3rd period


0:01 of 3rd period - Paul Stastny wins face-off versus Kris Vernarsky in neutral zone.
0:10 of 3rd period - Backhand shot by Paul Stastny.
0:10 of 3rd period - Shot Misses the Net.
0:53 of 3rd period - Wrist shot by Vitali Yachmenev.
0:53 of 3rd period - Goal by Vitali Yachmenev - Predators : 4 - Oilers : 1.
0:53 of 3rd period - Sebastien Caron enters game.
0:54 of 3rd period - Kris Vernarsky wins face-off versus Paul Stastny in neutral zone.
0:59 of 3rd period - Slapshot by Kris Vernarsky.
0:59 of 3rd period - Goal by Kris Vernarsky - Predators : 5 - Oilers : 1.
1:00 of 3rd period - Kris Vernarsky wins face-off versus Jonathan Toews in neutral zone.
1:18 of 3rd period - Off-side.
1:19 of 3rd period - Paul Stastny wins face-off versus Joe Thornton in neutral zone.
1:34 of 3rd period - Backhand shot by Paul Stastny.
1:34 of 3rd period - Shot Misses the Net.
1:45 of 3rd period - Minor Penalty to John Moore for Slashing.
1:46 of 3rd period - Joe Thornton wins face-off versus Adam Burish in Predators zone.
1:57 of 3rd period - Joe Thornton is hit by Paul Stastny and loses puck.
3:45 of 3rd period - Penalty to John Moore is over, John Moore is back on ice.
4:04 of 3rd period - Off-side.
4:05 of 3rd period - Brian Sutherby wins face-off versus Josef Vasicek in neutral zone.
4:14 of 3rd period - Snap shot by James Van Riemsdyk.
4:14 of 3rd period - Shot Blocked by Brian Sutherby.
4:41 of 3rd period - Ian White is hit by Kris Vernarsky and loses puck.
4:51 of 3rd period - Minor Penalty to Danny Richmond for Elbowing.
4:52 of 3rd period - Paul Stastny wins face-off versus Joe Thornton in Predators zone.
5:01 of 3rd period - Wrist shot by Ilya Kovalchuk.
5:01 of 3rd period - Goal by Ilya Kovalchuk - Predators : 5 - Oilers : 2.
5:02 of 3rd period - Jonathan Toews wins face-off versus Kris Vernarsky in neutral zone.
5:05 of 3rd period - Wrist shot by Ian White.
5:05 of 3rd period - Deflect By Patrick Kane.
5:05 of 3rd period - Shot Blocked by Danny Richmond.
5:05 of 3rd period - Puck is out of play.
5:06 of 3rd period - Jonathan Toews wins face-off versus Kris Vernarsky in Predators zone.
6:02 of 3rd period - Snap shot by Josef Vasicek.
6:02 of 3rd period - Shot Blocked by Evgeny Dadonov.
6:10 of 3rd period - Danny Richmond is hit by Christian Ehrhoff and loses puck.
6:28 of 3rd period - Wrist shot by Eric Nystrom.
6:28 of 3rd period - Shot Misses the Net.
6:30 of 3rd period - Snap shot by Brian Sutherby.
6:30 of 3rd period - Stopped by Kari Lehtonen without a rebound.
6:31 of 3rd period - Jonathan Toews wins face-off versus Kris Vernarsky in Predators zone.
6:42 of 3rd period - Wrist shot by Alexander Steen.
6:42 of 3rd period - Stopped by Sebastien Caron without a rebound.
6:43 of 3rd period - Kris Vernarsky wins face-off versus Jonathan Toews in Oilers zone.
7:26 of 3rd period - Icing by Michael Grabner.
7:27 of 3rd period - Josef Vasicek wins face-off versus Peter Regin in Predators zone.
7:34 of 3rd period - Wrist shot by Josef Vasicek.
7:34 of 3rd period - Deflect By Vitali Yachmenev.
7:34 of 3rd period - Shot Misses the Net.
7:34 of 3rd period - Puck is out of play.
7:35 of 3rd period - Kris Vernarsky wins face-off versus Jonathan Toews in Oilers zone.
7:36 of 3rd period - Snap shot by Brad Boyes.
7:36 of 3rd period - Shot Misses the Net.
7:38 of 3rd period - Slapshot by Danny Richmond.
7:38 of 3rd period - Stopped by Sebastien Caron with a rebound.
7:48 of 3rd period - Slapshot by Alexander Steen.
7:48 of 3rd period - Goal by Alexander Steen - Predators : 6 - Oilers : 2.
7:49 of 3rd period - Kris Vernarsky wins face-off versus Paul Stastny in neutral zone.
7:54 of 3rd period - Wrist shot by Alexander Steen.
7:54 of 3rd period - Shot Blocked by Rob Scuderi.
8:04 of 3rd period - Wrist shot by Ilya Kovalchuk.
8:04 of 3rd period - Stopped by Kari Lehtonen with a rebound.
8:16 of 3rd period - Tomas Fleischmann is hit by Michael Grabner and loses puck.
8:37 of 3rd period - Slapshot by Rob Scuderi.
8:37 of 3rd period - Goal by Rob Scuderi - Predators : 6 - Oilers : 3.
8:38 of 3rd period - Paul Stastny wins face-off versus Kris Vernarsky in neutral zone.
9:03 of 3rd period - Brad Boyes is hit by Peter Regin and loses puck.
9:48 of 3rd period - Backhand shot by Ilya Kovalchuk.
9:48 of 3rd period - Stopped by Kari Lehtonen with a rebound.
9:50 of 3rd period - Snap shot by Adam Burish.
9:50 of 3rd period - Stopped by Kari Lehtonen with a rebound.
9:52 of 3rd period - Wrist shot by Paul Stastny.
9:52 of 3rd period - Stopped by Kari Lehtonen without a rebound.
9:53 of 3rd period - Josef Vasicek wins face-off versus Adam Burish in Predators zone.
9:55 of 3rd period - Icing by Ryan Mcdonagh.
9:56 of 3rd period - Paul Stastny wins face-off versus Vitali Yachmenev in Predators zone.
10:05 of 3rd period - Wrist shot by Ilya Kovalchuk.
10:05 of 3rd period - Deflect By Adam Burish.
10:05 of 3rd period - Shot Blocked by James Van Riemsdyk.
10:05 of 3rd period - Puck is out of play.
10:06 of 3rd period - Joe Thornton wins face-off versus Paul Stastny in Predators zone.
10:25 of 3rd period - Wrist shot by Adam Burish.
10:25 of 3rd period - Shot Misses the Net.
11:08 of 3rd period - Snap shot by Paul Stastny.
11:08 of 3rd period - Stopped by Kari Lehtonen with a rebound.
11:42 of 3rd period - Wrist shot by Ilya Kovalchuk.
11:42 of 3rd period - Shot Misses the Net.
11:52 of 3rd period - Slapshot by Ilya Kovalchuk.
11:52 of 3rd period - Stopped by Kari Lehtonen without a rebound.
11:53 of 3rd period - Jonathan Toews wins face-off versus Kris Vernarsky in Predators zone.
12:07 of 3rd period - Minor Penalty to Brad Boyes for Hooking.
12:08 of 3rd period - Jonathan Toews wins face-off versus Joe Thornton in Predators zone.
12:14 of 3rd period - Wrist shot by Jonathan Toews.
12:14 of 3rd period - Deflect By Tomas Fleischmann.
12:14 of 3rd period - Stopped by Kari Lehtonen with a rebound.
12:16 of 3rd period - Slapshot by Christian Ehrhoff.
12:16 of 3rd period - Stopped by Kari Lehtonen without a rebound.
12:17 of 3rd period - Joe Thornton wins face-off versus Jonathan Toews in Predators zone.
12:42 of 3rd period - Snap shot by Jonathan Toews.
12:42 of 3rd period - Shot Misses the Net.
12:52 of 3rd period - Snap shot by Tomas Fleischmann.
12:52 of 3rd period - Shot Misses the Net.
12:56 of 3rd period - Wrist shot by Patrick Kane.
12:56 of 3rd period - Deflect By Jonathan Toews.
12:56 of 3rd period - Stopped by Kari Lehtonen without a rebound.
12:57 of 3rd period - Paul Stastny wins face-off versus Josef Vasicek in Predators zone.
13:28 of 3rd period - Josef Vasicek is hit by Ilya Kovalchuk and loses puck.
13:43 of 3rd period - John Moore is hit by Ian White and loses puck.
14:07 of 3rd period - Penalty to Brad Boyes is over, Brad Boyes is back on ice.
14:25 of 3rd period - Brad Boyes is hit by Rob Scuderi and loses puck.
15:11 of 3rd period - Snap shot by Eric Nystrom.
15:11 of 3rd period - Deflect By Brian Sutherby.
15:11 of 3rd period - Shot Blocked by Danny Richmond.
15:11 of 3rd period - Puck is out of play.
15:12 of 3rd period - Josef Vasicek wins face-off versus Tomas Fleischmann in Predators zone.
15:21 of 3rd period - Slapshot by Patrick Kane.
15:21 of 3rd period - Shot Blocked by Vitali Yachmenev.
15:29 of 3rd period - Slapshot by Tomas Fleischmann.
15:29 of 3rd period - Shot Misses the Net.
16:01 of 3rd period - Patrick Kaleta is hit by Barret Jackman and loses puck.
16:29 of 3rd period - Snap shot by Alexander Steen.
16:29 of 3rd period - Shot Blocked by Ian White.
16:52 of 3rd period - Icing by Vitali Yachmenev.
16:53 of 3rd period - Paul Stastny wins face-off versus Josef Vasicek in Predators zone.
17:02 of 3rd period - Brett Clark is hit by Alexander Edler and loses puck.
17:31 of 3rd period - Slapshot by Jonathan Toews.
17:31 of 3rd period - Stopped by Kari Lehtonen with a rebound.
17:41 of 3rd period - Snap shot by Ryan Mcdonagh.
17:41 of 3rd period - Stopped by Sebastien Caron with a rebound.
17:43 of 3rd period - Backhand shot by Joe Thornton.
17:43 of 3rd period - Shot Blocked by Ian White.
17:45 of 3rd period - Slapshot by Alexander Ovechkin.
17:45 of 3rd period - Stopped by Sebastien Caron with a rebound.
17:47 of 3rd period - Slapshot by John Moore.
17:47 of 3rd period - Stopped by Sebastien Caron with a rebound.
17:51 of 3rd period - Snap shot by Joe Thornton.
17:51 of 3rd period - Shot Misses the Net.
18:21 of 3rd period - Rob Scuderi is hit by Josef Vasicek and loses puck.
18:34 of 3rd period - Snap shot by Jonathan Toews.
18:34 of 3rd period - Stopped by Kari Lehtonen without a rebound.
18:35 of 3rd period - Andy Miele wins face-off versus Jonathan Toews in Predators zone.
18:35 of 3rd period - Andy Miele is hit by Patrick Kane.
19:10 of 3rd period - Danny Richmond is hit by David Hale and loses puck.
19:11 of 3rd period - Danny Richmond from Predators is injured at 19:11 of 3rd period (Sports Hernia).
19:12 of 3rd period - Jonathan Toews wins face-off versus Kris Vernarsky in Predators zone.
19:15 of 3rd period - Slapshot by Patrick Kane.
19:15 of 3rd period - Stopped by Kari Lehtonen without a rebound.
19:16 of 3rd period - Kris Vernarsky wins face-off versus Jonathan Toews in Predators zone.
19:52 of 3rd period - Kris Vernarsky is hit by Rob Scuderi and loses puck.
Goals for this period are 3 for Predators vs 2 for Oilers.
Shots for this period are 8 for Predators vs 15 for Oilers.


Output by the SimonT Hockey Simulator (STHS) for François Prévost -- Original Page W3C XHTML 1.0 Valid
Hockey Simulator - Hockey Simulation - Hockey Manager